 Dungeon Crawl Stone Soup version 0.29.0-4-gdea44cf6ec (webtiles) character file.

Game seed: 15748586662153255866

80622 qw the Severer (level 15, -6/147 HPs)
             Began as a Minotaur Berserker on Sept 5, 2022.
             Was a Priest of Trog.
             Mangled by a white ugly thing (29 damage)
             ... summoned by an orange crystal statue
             ... on level 14 of the Dungeon.
             The game lasted 00:08:48 (25262 turns).

qw the Severer (Minotaur Berserker)                Turns: 25262, Time: 00:08:48

Health: -6/147     AC: 27    Str: 31    XL:     15   Next: 24%
Magic:  1/14       EV: 24    Int: -4 (5) God:    Trog [***...]
Gold:   1334       SH: 15    Dex: 28    Spells: 14/14 levels left

rFire   + . .      SeeInvis +   Y - +1 broad axe (flame)
rCold   . . .      Faith    .   v - +2 buckler {rF+}
rNeg    . . .      Spirit   .   s - +3 scale mail "Saes" {Drain Str+4 Dex+7}
rPois   +          Reflect  +   o - +2 hat
rElec   .          Harm     .   u - +2 cloak
rCorr   +          Rampage  .   t - +3 pair of gauntlets of War {Slay+5}
Will    +....                   i - +2 pair of boots {Stlth+}
Stlth   ++........              r - amulet of reflection
HPRegen 0.34/turn               f - ring of resist corrosion
MPRegen 0.14/turn               p - ring "Amoawn" {rPois Int+2 Dex+6 SInv}

@: on berserk cooldown, slowed, lost intelligence, unable to read, very slow
A: horns 2, retaliatory headbutt, iridescent scales 1, agile 1
a: Renounce Religion, Berserk, Trog's Hand


You were on level 14 of the Dungeon.
You worshipped Trog.
Trog was most pleased with you.
You visited 2 branches of the dungeon, and saw 19 of its levels.

You collected 1499 gold pieces.
You spent 165 gold pieces at shops.


Innate Abilities, Weirdness & Mutations

You have a pair of horns on your head.
You reflexively headbutt those who attack you in melee.
You are partially covered in iridescent scales. (AC +2)
You are agile. (Dex +4, Str/Int -1)


   Skills:
 - Level 17.0 Fighting
 - Level 18.1 Axes
 - Level 4.1 Throwing
 - Level 11.0 Armour
 + Level 14.5 Dodging
 - Level 10.0 Shields


You had 14 spell levels left.
You didn't know any spells.
Your spell library was empty.

Inventory:

Hand Weapons
 Y - a +1 broad axe of flaming (weapon)
Missiles
 n - 2 boomerangs (quivered)
Armour
 i - a +2 pair of boots of stealth (worn)
 o - a +2 hat (worn)
 q - +0 fire dragon scales
 s - the +3 scale mail "Saes" (worn) {Drain Str+4 Dex+7}
   (You found it on level 10 of the Dungeon)

   Str:       It affects your strength (+4).
   Dex:       It affects your dexterity (+7).
   Drain:     It drains your maximum health when unequipped.
 t - the +3 pair of gauntlets of War (worn) {Slay+5}
   (You found it on level 5 of the Lair of Beasts)

   Slay:      It affects your accuracy & damage with ranged weapons and melee
   (+5).
 u - a +2 cloak (worn)
 v - a +2 buckler of fire resistance (worn)
Jewellery
 b - a ring of fire
 f - a ring of resist corrosion (left hand)
 p - the ring "Amoawn" (right hand) {rPois Int+2 Dex+6 SInv}
   (You took it off a kobold brigand on level 10 of the Dungeon)

   [ring of dexterity]

   Int:       It affects your intelligence (+2).
   Dex:       It affects your dexterity (+6).
   rPois:     It protects you from poison.
   SInv:      It lets you see invisible.
 r - an amulet of reflection (around neck)
 w - a ring of fire
Scrolls
 a - 9 scrolls of identify
 c - 2 scrolls of teleportation
Potions
 e - 6 potions of might
 j - 4 potions of mutation
 k - 4 potions of resistance
 m - 2 potions of heal wounds

Dungeon Overview and Level Annotations

Branches:
Dungeon (14/15)            Temple (0/1) D:7            Lair (5/5) D:10
 Shoals (0/4) Lair:3       Spider (0/4) Lair:2        Slime (0/5) Lair:5
    Orc (0/2) D:11         Vaults (0/5) D:13

Altars:
Ashenzari
Fedhas
Gozag
Okawaru
Trog
Uskayaw
Wu Jian
Zin

Shops:
D:9 (   D:13 [

Annotations:
D:3 1 runed translucent door, qw's ghost, amateur BaCK
D:6 2 transporters
D:12 2 runed translucent doors


Message History

You slash the centaur warrior! You burn the centaur warrior.
You kill the centaur warrior!
The centaur warrior's corpse dissolves into shadows!
You slice the centaur!! You burn the centaur!
You kill the centaur!
The centaur's corpse dissolves into shadows!
You start resting.
You are no longer berserk.
You are exhausted.
You feel yourself slow down.
The orange crystal statue glitters topaz in the dim dungeon light.
The orange crystal statue fixes its piercing gaze on you.
You feel your power leaking away.
The orange crystal statue fixes its piercing gaze on you.
You feel dopey. Something feeds on your intellect!
The orange crystal statue glitters.
A white ugly thing comes into view.
The white ugly thing gurgles horribly! x2; The vampire mosquito buzzes angrily.
You see here a scroll of poison.
You barely miss the vampire mosquito.
You block the vampire mosquito's attack. x2
The orange crystal statue fixes its piercing gaze on you.
You feel dopey. Something feeds on your intellect!
You block the vampire mosquito's attack.
You slice the white ugly thing!! You burn the white ugly thing.
The white ugly thing is severely wounded.
You miss the vampire mosquito.
You block the vampire mosquito's attack.
The white ugly thing basks in the mutagenic energy from its kin and changes!
The white ugly thing gores you. The white ugly thing freezes you!!
You block the vampire mosquito's attack.
25262 ||| DRINKING 3 potions of heal wounds.
You feel much better. The vampire mosquito misses you.
You block the vampire mosquito's attack.
The white ugly thing basks in the mutagenic energy from its kin and changes!
The white ugly thing gores you! The white ugly thing freezes you!!
You die...

######+#
#......#.#
#yuu......
##.uyyu....
#.####u@###u....
#......[#8#[....
#####
#######..(###$.##.
#....
..........[|[....
##.###
####....#....#....
#.....
#..#.#.#.##.##.
#..#.# #
####.#.#.# #
#..#.#
#..#####....#.#.#
#..#.#
#(....#.####.#.#
#..#.#


You could see an orange crystal statue, 6 ugly things and 3 vampire mosquitoes.

Vanquished Creatures
  Josephine (D:13)
  A fire dragon (Lair:5)
  5 vault guards (D:13)
  A catoblepas (Lair:5)
  Erolcha (D:10)
  9 hydras
  An anaconda (Lair:5)
  An ogre mage (D:13)
  4 centaur warriors
  3 boulder beetles
  6 two-headed ogres
  2 alligators (Lair:5)
  A death yak (Lair:2)
  A swamp dragon (Lair:5)
  2 lindwurms
  Pikel (D:9)
  A wizard (D:10)
  2 deep elf pyromancers
  4 cyclopes
  An ugly thing (D:13)
  3 wolf spiders (Lair:5)
  An oklob plant (D:11)
  4 manticores
  15 elephants
  A guardian serpent (Lair:5)
  13 black mambas
  Maggie (D:8)
  19 cane toads
  2 gargoyles
  2 torpor snails
  9 komodo dragons
  6 rime drakes
  2 tengu conjurers (D:13)
  5 trolls
  13 blink frogs
  A polar bear (Lair:2)
  3 meliai (D:13)
  4 hornets
  Prince Ribbit (D:6)
  2 dream sheep
  2 blink frogs (shapeshifter) (D:13)
  A spriggan (Lair:1)
  Sigmund (D:3)
  10 wyverns
  59 yaks
  2 shadows
  5 wraiths (D:13)
  3 vampires
  2 humans (D:13)
  4 basilisks
  3 steam dragons
  12 vampire mosquitoes
  A redback (Lair:5)
  Menkaure (D:4)
  26 water moccasins
  4 acid dragons
  A swamp drake (Lair:5)
  Duvessa (D:7)
  An ice beast (D:7)
  A black bear (D:4)
  5 orc warriors
  2 ogres (D:6)
  2 centaurs
  A lemure (D:9)
  3 wolves (Lair:1)
  A phantom (D:6)
  A gnoll sergeant (D:9)
  6 kobold brigands
  7 bullfrogs
  3 scorpions
  2 necrophages
  11 wights
  Dowan (D:7)
  5 killer bees (D:9)
  An oklob sapling (D:11)
  An electric eel (D:7)
  3 howler monkeys
  A hound (D:5)
  4 jellies
  8 orc priests
  Jessica (D:3)
  3 gnoll boudas
  13 iguanas
  Natasha (thrice) (D:2)
  12 orc wizards
  14 gnolls
  11 adders
  A river rat (D:4)
  A shadow imp (D:6)
  2 ufetubi (D:6)
  2 worms
  41 orcs
  9 bats
  A bat skeleton (D:2)
  7 endoplasms
  5 giant cockroaches
  6 hobgoblins
  3 jackals (D:11)
  28 kobolds
  A quokka (D:2)
  16 ball pythons
  2 ball python skeletons (D:2)
  3 ball python zombies (D:2)
  3 frilled lizards
  A giant cockroach zombie (D:2)
  5 goblins
  A quokka skeleton (D:2)
  A quokka zombie (D:2)
  9 rats
  A bush (Lair:1)
569 creatures vanquished.

Vanquished Creatures (collateral kills)
  A boulder beetle (Lair:5)
  A cane toad (Lair:5)
2 creatures vanquished.

Vanquished Creatures (others)
  A wizard (D:10)
  A bush (D:11)
  27 fungi
  65 plants
  A withered plant (D:2)
95 creatures vanquished.

Grand Total: 666 creatures vanquished

Notes
Turn   | Place    | Note
-------+----------+-------------------------------------------
     0 | D:1      | qw the Minotaur Berserker began the quest for the Orb.
     0 | D:1      | Reached XP level 1. HP: 19/19 MP: 0/0
     0 | D:1      | 0 ||| qw: Version: 0.1-a-104-g96f76f8
     0 | D:1      | 0 ||| qw: Game counter: 5798
     0 | D:1      | 0 ||| qw: Always use a shield: true
     0 | D:1      | 0 ||| qw: Do Orc after D:15 true
     0 | D:1      | 0 ||| qw: Do second Lair branch before Depths: true
     0 | D:1      | 0 ||| qw: Lair rune preference: random
     0 | D:1      | 0 ||| qw: Plans: Normal
     0 | D:1      | 0 ||| PLANNING D:1-11
   192 | D:1      | Reached skill level 4 in Axes
   253 | D:1      | Reached XP level 2. HP: 15/26 MP: 1/1
   293 | D:1      | 293 ||| Stepping ~*~*~tactically~*~*~ (stealth).
   509 | D:1      | 509 ||| Stepping ~*~*~tactically~*~*~ (stealth).
   587 | D:1      | 587 ||| INVOKING Berserk.
   612 | D:1      | 612 ||| Stepping ~*~*~tactically~*~*~ (stealth).
   622 | D:1      | 622 ||| Stepping ~*~*~tactically~*~*~ (stealth).
   624 | D:1      | 624 ||| Stepping ~*~*~tactically~*~*~ (stealth).
   631 | D:1      | 631 ||| INVOKING Berserk.
   751 | D:1      | 751 ||| Stepping ~*~*~tactically~*~*~ (stealth).
   796 | D:1      | Reached skill level 5 in Axes
  1053 | D:1      | 1053 ||| READING 3 scrolls labelled MUNIAF VUJO.
  1054 | D:1      | 1054 ||| READING scroll labelled FIUMIO XUJACH.
  1169 | D:1      | 1169 ||| Stepping ~*~*~tactically~*~*~ (stealth).
  1204 | D:1      | 1204 ||| READING scroll labelled XUELUCRUISM.
  1205 | D:1      | 1205 ||| READING 2 scrolls of identify.
  1205 | D:1      | 1205 ||| IDENTIFYING orange potion
  1258 | D:2      | Reached XP level 3. HP: 31/31 MP: 2/2
  1260 | D:2      | Reached ** piety under Trog
  1369 | D:2      | 1369 ||| INVOKING Berserk.
  1376 | D:2      | Reached skill level 6 in Axes
  1376 | D:2      | Reached XP level 4. HP: 39/39 MP: 3/3
  1508 | D:2      | 1508 ||| DROPPING +0 club.
  1531 | D:2      | Found a faded altar of an unknown god.
  1535 | D:2      | Noticed Natasha
  1536 | D:2      | 1536 ||| INVOKING Berserk.
  1541 | D:2      | Killed Natasha
  1542 | D:2      | Reached skill level 7 in Axes
  1542 | D:2      | Reached XP level 5. HP: 45/45 MP: 4/4
  1896 | D:2      | Noticed Natasha
  1899 | D:2      | 1899 ||| INVOKING Berserk.
  1905 | D:2      | Killed Natasha
  1948 | D:2      | Noticed Natasha
  1990 | D:2      | 1990 ||| Stepping ~*~*~tactically~*~*~ (hiding).
  1994 | D:2      | 1994 ||| INVOKING Berserk.
  1998 | D:2      | Killed Natasha
  2241 | D:2      | 2241 ||| UPGRADING to +0 scale mail.
  2251 | D:2      | 2251 ||| DROPPING +0 animal skin.
  2252 | D:2      | 2252 ||| READING scroll labelled DOLUANOLEDE.
  2253 | D:2      | 2253 ||| READING 2 scrolls labelled BAORAI FIAFA.
  2254 | D:2      | 2254 ||| DRINKING 3 black potions.
  2255 | D:2      | 2255 ||| DROPPING scroll of noise.
  2316 | D:3      | Identified the +4 short sword "Ybbax" {flame, rCorr Int+3
                  | Dex+4}
  2417 | D:3      | Noticed Jessica
  2418 | D:3      | 2418 ||| Stepping ~*~*~tactically~*~*~ (hiding).
  2426 | D:3      | Killed Jessica
  2427 | D:3      | Reached skill level 1 in Throwing
  2563 | D:3      | Found a runed translucent door.
  2563 | D:3      | Noticed qw's ghost (amateur BaCK)
  2616 | D:3      | 2616 ||| Stepping ~*~*~tactically~*~*~ (stealth).
  2618 | D:3      | 2618 ||| Stepping ~*~*~tactically~*~*~ (stealth).
  2628 | D:3      | Reached XP level 6. HP: 42/52 MP: 5/5
  2631 | D:3      | 2631 ||| INVOKING Berserk.
  2653 | D:3      | 2653 ||| Stepping ~*~*~tactically~*~*~ (stealth).
  2662 | D:3      | Reached skill level 8 in Axes
  2911 | D:3      | Noticed Sigmund
  2912 | D:3      | 2912 ||| Stepping ~*~*~tactically~*~*~ (hiding).
  2917 | D:3      | 2917 ||| INVOKING Berserk.
  2922 | D:3      | Killed Sigmund
  2923 | D:3      | Reached skill level 9 in Axes
  3065 | D:3      | 3065 ||| Stepping ~*~*~tactically~*~*~ (stealth).
  3067 | D:3      | 3067 ||| Stepping ~*~*~tactically~*~*~ (stealth).
  3075 | D:3      | Reached *** piety under Trog
  3371 | D:3      | 3371 ||| READING scroll labelled PAKHLY MAYXAY.
  3372 | D:3      | 3372 ||| READING scroll labelled CAD YBLAIFOQ.
  3397 | D:3      | 3397 ||| DRINKING 3 bubbling amethyst potions.
  3425 | D:3      | 3425 ||| DROPPING 2 potions of lignification.
  3452 | D:4      | 3452 ||| PLANNING SEWER
  3452 | D:4      | 3452 ||| Stepping ~*~*~tactically~*~*~ (hiding).
  3458 | D:4      | 3458 ||| INVOKING Berserk.
  3464 | D:4      | Reached XP level 7. HP: 60/60 MP: 6/6
  3582 | D:4      | 3582 ||| DROPPING +0 flail.
  3584 | D:4      | 3584 ||| Stepping ~*~*~tactically~*~*~ (stealth).
  3585 | D:4      | 3585 ||| Stepping ~*~*~tactically~*~*~ (stealth).
  3661 | D:4      | 3661 ||| INVOKING Berserk.
  3915 | D:4      | 3915 ||| SWAPPING to +2 hand axe of draining.
  3916 | D:4      | 3916 ||| DROPPING +0 hand axe.
  3972 | D:4      | 3972 ||| INVOKING Berserk.
  4107 | D:4      | 4107 ||| RIP SEWER
  4116 | D:4      | 4116 ||| PLANNING D:1-11
  4345 | D:4      | Noticed Menkaure
  4346 | D:4      | 4346 ||| Stepping ~*~*~tactically~*~*~ (hiding).
  4349 | D:4      | 4349 ||| Stepping ~*~*~tactically~*~*~ (hiding).
  4351 | D:4      | 4351 ||| Stepping ~*~*~tactically~*~*~ (hiding).
  4354 | D:4      | 4354 ||| INVOKING Berserk.
  4356 | D:4      | Killed Menkaure
  4357 | D:4      | Reached skill level 10 in Axes
  4559 | D:4      | 4559 ||| DROPPING +1 leather armour of poison resistance.
  4560 | D:4      | 4560 ||| READING scroll labelled NYCIBI SIOPOK.
  4561 | D:4      | 4561 ||| DRINKING 2 lumpy grey potions.
  4561 | D:4      | Gained mutation: You are partially covered in iridescent
                  | scales. (AC +2) [potion of mutation]
  4561 | D:4      | Gained mutation: You are agile. (Dex +4, Str/Int -1)
                  | [potion of mutation]
  4567 | D:5      | Entered Level 5 of the Dungeon
  4919 | D:5      | 4919 ||| INVOKING Berserk.
  4921 | D:5      | Reached skill level 6 in Fighting
  4935 | D:5      | Reached XP level 8. HP: 70/70 MP: 7/7
  5089 | D:5      | 5089 ||| Stepping ~*~*~tactically~*~*~ (stealth).
  5090 | D:5      | 5090 ||| Stepping ~*~*~tactically~*~*~ (stealth).
  5267 | D:5      | 5267 ||| DRINKING 2 brown potions.
  5268 | D:5      | 5268 ||| READING 3 scrolls of identify.
  5268 | D:5      | 5268 ||| IDENTIFYING bubbling green potion
  5269 | D:5      | 5269 ||| READING 2 scrolls of identify.
  5269 | D:5      | 5269 ||| IDENTIFYING bubbling coppery potion
  5270 | D:5      | 5270 ||| DROPPING potion of degeneration.
  5414 | D:6      | 5414 ||| INVOKING Berserk.
  5416 | D:6      | Reached skill level 11 in Axes
  5534 | D:6      | 5534 ||| FLEEEEING.
  5541 | D:6      | 5541 ||| INVOKING Berserk.
  5543 | D:6      | Reached skill level 3 in Dodging
  5691 | D:6      | Found a transporter.
  5705 | D:6      | Found an opulent altar of Gozag.
  6011 | D:6      | Found a transporter.
  6128 | D:6      | Noticed Prince Ribbit
  6132 | D:6      | 6132 ||| INVOKING Berserk.
  6134 | D:6      | Killed Prince Ribbit
  6135 | D:6      | Reached skill level 12 in Axes
  6482 | D:6      | 6482 ||| INVOKING Berserk.
  6592 | D:6      | 6592 ||| UPGRADING to +0 pair of gloves.
  6597 | D:6      | 6597 ||| READING scroll of enchant armour.
  6597 | D:6      | 6597 ||| ENCHANTING +0 pair of gloves.
  6598 | D:6      | 6598 ||| READING 2 scrolls of identify.
  6598 | D:6      | 6598 ||| IDENTIFYING murky coppery potion
  6599 | D:6      | 6599 ||| DROPPING potion of ambrosia.
  6609 | D:7      | 6609 ||| INVOKING Berserk.
  6614 | D:7      | Reached skill level 3 in Armour
  6771 | D:7      | Noticed Dowan
  6772 | D:7      | 6772 ||| Stepping ~*~*~tactically~*~*~ (hiding).
  6773 | D:7      | 6773 ||| Stepping ~*~*~tactically~*~*~ (hiding).
  6776 | D:7      | 6776 ||| INVOKING Berserk.
  6778 | D:7      | Killed Dowan
  6783 | D:7      | Noticed Duvessa
  6792 | D:7      | HP: 17/73 [Duvessa/+0 short sword (10)]
  6793 | D:7      | 6793 ||| READING scroll of teleportation.
  6794 | D:7      | 6794 ||| DRINKING 2 potions of heal wounds.
  6795 | D:7      | 6795 ||| DRINKING potion of heal wounds.
  7016 | D:7      | You fall into a shaft and drop 2 floors!
  7041 | D:8      | 7041 ||| Stepping ~*~*~tactically~*~*~ (stealth).
  7044 | D:8      | 7044 ||| Stepping ~*~*~tactically~*~*~ (stealth).
  7048 | D:8      | Reached **** piety under Trog
  7050 | D:8      | Reached XP level 9. HP: 78/79 MP: 8/8
  7095 | D:8      | 7095 ||| INVOKING Berserk.
  7196 | D:8      | 7196 ||| INVOKING Berserk.
  7198 | D:8      | Reached skill level 13 in Axes
  7372 | D:7      | Found an iron altar of Okawaru.
  7535 | D:7      | Identified the +4 trident of qw's Bloody Death {spect,
                  | Int+4}
  7545 | D:7      | 7545 ||| Stepping ~*~*~tactically~*~*~ (hiding).
  7547 | D:7      | 7547 ||| INVOKING Berserk.
  7666 | D:7      | Found a staircase to the Ecumenical Temple.
  7801 | D:7      | 7801 ||| INVOKING Berserk.
  7807 | D:7      | Killed Duvessa
  8034 | D:7      | Found a bloodstained altar of Trog.
  8034 | D:7      | Found a blossoming altar of Fedhas.
  8141 | D:7      | Reached skill level 3 in Throwing
  8143 | D:7      | 8143 ||| READING scroll of enchant armour.
  8143 | D:7      | 8143 ||| ENCHANTING +1 pair of gloves.
  8163 | D:7      | 8163 ||| FLEEEEING.
  8164 | D:7      | 8164 ||| FLEEEEING.
  8165 | D:7      | 8165 ||| FLEEEEING.
  8166 | D:7      | 8166 ||| FLEEEEING.
  8167 | D:7      | 8167 ||| FLEEEEING.
  8168 | D:7      | 8168 ||| FLEEEEING.
  8169 | D:7      | 8169 ||| FLEEEEING.
  8170 | D:7      | 8170 ||| FLEEEEING.
  8171 | D:7      | 8171 ||| FLEEEEING.
  8172 | D:7      | 8172 ||| FLEEEEING.
  8173 | D:7      | 8173 ||| FLEEEEING.
  8174 | D:7      | 8174 ||| FLEEEEING.
  8292 | D:7      | 8292 ||| Stepping ~*~*~tactically~*~*~ (stealth).
  8294 | D:7      | 8294 ||| Stepping ~*~*~tactically~*~*~ (stealth).
  8298 | D:7      | 8298 ||| FLEEEEING.
  8299 | D:7      | 8299 ||| FLEEEEING.
  8300 | D:7      | 8300 ||| FLEEEEING.
  8427 | D:7      | 8427 ||| INVOKING Berserk.
  8609 | D:7      | Found a broken altar of Ashenzari.
  8721 | D:7      | 8721 ||| UPGRADING to +0 buckler.
  8726 | D:7      | 8726 ||| UPGRADING to ring of resist corrosion.
  8727 | D:7      | 8727 ||| READING scroll labelled YQEM EBUDU.
  8728 | D:7      | 8728 ||| READING 3 scrolls labelled ZEGADU FOAFEEX.
  8729 | D:7      | 8729 ||| DROPPING 2 scrolls of immolation.
  8749 | D:8      | 8749 ||| STAIRDANCE
  8759 | D:7      | Reached skill level 3 in Shields
  8801 | D:8      | 8801 ||| STAIRDANCE
  8844 | D:8      | 8844 ||| STAIRDANCE
  9023 | D:8      | 9023 ||| STAIRDANCE
  9053 | D:8      | 9053 ||| STAIRDANCE
  9058 | D:8      | 9058 ||| STAIRDANCE
  9064 | D:7      | 9064 ||| READING scroll labelled RASTUTHROSI.
  9068 | D:8      | 9068 ||| STAIRDANCE
  9156 | D:8      | 9156 ||| STAIRDANCE
  9170 | D:7      | Reached XP level 10. HP: 78/88 MP: 9/9
  9213 | D:8      | 9213 ||| STAIRDANCE
  9288 | D:8      | 9288 ||| Stepping ~*~*~tactically~*~*~ (hiding).
  9293 | D:8      | 9293 ||| INVOKING Berserk.
  9301 | D:8      | Reached skill level 14 in Axes
  9302 | D:8      | Noticed Maggie
  9319 | D:8      | Killed Maggie
  9396 | D:8      | 9396 ||| Stepping ~*~*~tactically~*~*~ (stealth).
  9398 | D:8      | 9398 ||| Stepping ~*~*~tactically~*~*~ (stealth).
  9402 | D:8      | 9402 ||| Stepping ~*~*~tactically~*~*~ (stealth).
  9403 | D:8      | 9403 ||| Stepping ~*~*~tactically~*~*~ (hiding).
  9405 | D:8      | 9405 ||| Stepping ~*~*~tactically~*~*~ (hiding).
  9424 | D:8      | 9424 ||| INVOKING Berserk.
  9646 | D:8      | 9646 ||| SWAPPING to +1 war axe.
  9647 | D:8      | 9647 ||| DROPPING +3 hand axe of draining.
  9653 | D:8      | 9653 ||| SWAPPING to +1 broad axe of flaming.
  9654 | D:8      | 9654 ||| DROPPING +0 morningstar.
  9655 | D:8      | 9655 ||| DROPPING +1 war axe.
  9768 | D:8      | 9768 ||| Stepping ~*~*~tactically~*~*~ (hiding).
  9841 | D:8      | Found an ornate altar of the Wu Jian Council.
 10068 | D:8      | 10068 ||| UPGRADING to amulet of reflection.
 10073 | D:8      | 10073 ||| READING scroll labelled SUGUEW MUZXAIW.
 10074 | D:8      | 10074 ||| Stepping randomly (stuck).
 10075 | D:8      | 10075 ||| Stepping ~*~*~tactically~*~*~ (cloud).
 10190 | D:9      | Noticed a two-headed ogre
 10195 | D:9      | 10195 ||| INVOKING Berserk.
 10197 | D:9      | Killed a two-headed ogre
 10205 | D:9      | 10205 ||| FLEEEEING.
 10206 | D:9      | 10206 ||| FLEEEEING.
 10207 | D:9      | 10207 ||| STAIRDANCE
 10337 | D:9      | 10337 ||| FLEEEEING.
 10338 | D:9      | 10338 ||| FLEEEEING.
 10339 | D:9      | 10339 ||| FLEEEEING.
 10340 | D:9      | 10340 ||| FLEEEEING.
 10341 | D:9      | 10341 ||| FLEEEEING.
 10342 | D:9      | 10342 ||| FLEEEEING.
 10343 | D:9      | 10343 ||| FLEEEEING.
 10344 | D:9      | 10344 ||| FLEEEEING.
 10345 | D:9      | 10345 ||| FLEEEEING.
 10346 | D:9      | 10346 ||| FLEEEEING.
 10347 | D:9      | 10347 ||| STAIRDANCE
 10386 | D:9      | 10386 ||| STAIRDANCE
 10392 | D:9      | 10392 ||| STAIRDANCE
 10403 | D:9      | Reached skill level 15 in Axes
 10458 | D:9      | 10458 ||| Stepping ~*~*~tactically~*~*~ (hiding).
 10461 | D:9      | 10461 ||| INVOKING Berserk.
 10609 | D:9      | Found Pany's Weapon Shoppe.
 10615 | D:9      | 10615 ||| Stepping ~*~*~tactically~*~*~ (stealth).
 10621 | D:9      | Reached skill level 9 in Fighting
 10719 | D:9      | 10719 ||| Stepping ~*~*~tactically~*~*~ (stealth).
 10872 | D:9      | 10872 ||| Stepping ~*~*~tactically~*~*~ (stealth).
 10874 | D:9      | 10874 ||| INVOKING Berserk.
 11079 | D:9      | Noticed a two-headed ogre
 11084 | D:9      | 11084 ||| INVOKING Berserk.
 11085 | D:9      | Killed a two-headed ogre
 11086 | D:9      | Reached skill level 16 in Axes
 11086 | D:9      | Reached XP level 11. HP: 97/97 MP: 10/10
 11088 | D:9      | Noticed a two-headed ogre
 11100 | D:9      | Killed a two-headed ogre
 11101 | D:9      | Reached skill level 6 in Shields
 11457 | D:9      | 11457 ||| Stepping ~*~*~tactically~*~*~ (stealth).
 11461 | D:9      | 11461 ||| Stepping ~*~*~tactically~*~*~ (stealth).
 11462 | D:9      | 11462 ||| Stepping ~*~*~tactically~*~*~ (stealth).
 11476 | D:9      | Noticed Pikel
 11477 | D:9      | 11477 ||| Stepping ~*~*~tactically~*~*~ (stealth).
 11489 | D:9      | Killed Pikel
 11565 | D:9      | Found a glowing silver altar of Zin.
 11631 | D:9      | 11631 ||| UPGRADING to +0 chain mail.
 11641 | D:9      | 11641 ||| DROPPING +0 scale mail.
 11642 | D:9      | 11642 ||| DROPPING +0 acid dragon scales.
 11643 | D:9      | 11643 ||| DROPPING amulet of faith.
 11644 | D:9      | 11644 ||| READING 4 scrolls of identify.
 11644 | D:9      | 11644 ||| IDENTIFYING red potion
 11645 | D:9      | 11645 ||| READING 3 scrolls of identify.
 11645 | D:9      | 11645 ||| IDENTIFYING bubbling ruby potion
 11646 | D:9      | 11646 ||| DROPPING potion of attraction.
 11647 | D:9      | 11647 ||| DROPPING potion of flight.
 11714 | D:8      | 11714 ||| Stepping randomly (stuck).
 11724 | D:10     | Entered Level 10 of the Dungeon
 11726 | D:10     | 11726 ||| FLEEEEING.
 11727 | D:10     | 11727 ||| STAIRDANCE
 11831 | D:10     | 11831 ||| STAIRDANCE
 11833 | D:9      | 11833 ||| INVOKING Berserk.
 11908 | D:10     | 11908 ||| INVOKING Berserk.
 12113 | D:10     | 12113 ||| Stepping ~*~*~tactically~*~*~ (stealth).
 12114 | D:10     | 12114 ||| Stepping ~*~*~tactically~*~*~ (stealth).
 12144 | D:10     | Noticed a centaur warrior
 12145 | D:10     | 12145 ||| Stepping ~*~*~tactically~*~*~ (hiding).
 12146 | D:10     | 12146 ||| Stepping ~*~*~tactically~*~*~ (hiding).
 12151 | D:10     | Killed a centaur warrior
 12152 | D:10     | Reached skill level 6 in Armour
 12205 | D:10     | 12205 ||| Stepping ~*~*~tactically~*~*~ (stealth).
 12211 | D:10     | 12211 ||| INVOKING Berserk.
 12342 | D:10     | Found a staircase to the Lair.
 12391 | D:10     | 12391 ||| INVOKING Berserk.
 12482 | D:10     | Noticed a two-headed ogre
 12482 | D:10     | Noticed a centaur warrior
 12484 | D:10     | 12484 ||| INVOKING Berserk.
 12487 | D:10     | Killed a two-headed ogre
 12487 | D:10     | Noticed a wizard
 12490 | D:10     | Killed a centaur warrior
 12490 | D:10     | Noticed a deep elf pyromancer
 12491 | D:10     | Reached skill level 17 in Axes
 12493 | D:10     | Killed a deep elf pyromancer
 12493 | D:10     | Killed a wizard
 12494 | D:10     | Noticed a centaur warrior
 12494 | D:10     | Noticed a wizard
 12496 | D:10     | Killed a centaur warrior
 12497 | D:10     | Identified the ring "Amoawn" {rPois Int+2 Dex+6 SInv}
 12499 | D:10     | 12499 ||| INVOKING Trog's Hand.
 12500 | D:10     | 12500 ||| Stepping ~*~*~tactically~*~*~ (hiding).
 12519 | D:10     | Killed a wizard
 12774 | D:10     | Identified the +2 dagger "Spiderslayer" {elec, Dex+4}
 12785 | D:10     | 12785 ||| INVOKING Berserk.
 12944 | D:10     | 12944 ||| Stepping ~*~*~tactically~*~*~ (stealth).
 12945 | D:10     | 12945 ||| Stepping ~*~*~tactically~*~*~ (stealth).
 12946 | D:10     | Noticed Erolcha
 12947 | D:10     | 12947 ||| Stepping ~*~*~tactically~*~*~ (hiding).
 12949 | D:10     | 12949 ||| Stepping ~*~*~tactically~*~*~ (hiding).
 12952 | D:10     | 12952 ||| INVOKING Trog's Hand.
 12955 | D:10     | 12955 ||| INVOKING Berserk.
 12959 | D:10     | Killed Erolcha
 13159 | D:10     | Found a hide-covered altar of Uskayaw.
 13234 | D:10     | Identified the +3 scale mail "Saes" {Drain Str+4 Dex+7}
 13281 | D:10     | 13281 ||| PLANNING LAIR
 13281 | D:10     | 13281 ||| UPGRADING to +2 pair of boots of stealth.
 13286 | D:10     | 13286 ||| UPGRADING to +0 plate armour.
 13296 | D:10     | 13296 ||| DROPPING +0 chain mail.
 13297 | D:10     | 13297 ||| UPGRADING to +3 scale mail "Saes" {Drain Str+4
                  | Dex+7}.
 13307 | D:10     | 13307 ||| DROPPING +0 plate armour.
 13308 | D:10     | 13308 ||| UPGRADING to ring "Amoawn" {rPois Int+2 Dex+6
                  | SInv}.
 13309 | D:10     | 13309 ||| READING scroll labelled ILO FINURYPLEU.
 13354 | Lair:1   | Entered Level 1 of the Lair of Beasts
 13477 | Lair:1   | 13477 ||| Stepping ~*~*~tactically~*~*~ (stealth).
 13493 | Lair:1   | Reached XP level 12. HP: 107/107 MP: 11/11
 13495 | Lair:1   | Reached skill level 6 in Dodging
 13504 | Lair:1   | Noticed a boulder beetle
 13504 | Lair:1   | Noticed a seven-headed hydra
 13505 | Lair:1   | 13505 ||| INVOKING Berserk.
 13507 | Lair:1   | Killed a five-headed hydra
 13515 | Lair:1   | Killed a boulder beetle
 13759 | Lair:1   | Noticed a four-headed hydra
 13764 | Lair:1   | 13764 ||| INVOKING Berserk.
 13767 | Lair:1   | Killed a one-headed hydra
 13933 | Lair:1   | 13933 ||| Stepping ~*~*~tactically~*~*~ (stealth).
 13935 | Lair:1   | 13935 ||| Stepping ~*~*~tactically~*~*~ (stealth).
 13936 | Lair:1   | 13936 ||| Stepping ~*~*~tactically~*~*~ (stealth).
 14159 | Lair:1   | Reached skill level 9 in Dodging
 14508 | Lair:2   | 14508 ||| Stepping ~*~*~tactically~*~*~ (stealth).
 14510 | Lair:2   | 14510 ||| Stepping ~*~*~tactically~*~*~ (stealth).
 14514 | Lair:2   | Identified the +1 chain mail "Nanocs" {Will+ Int+4}
 14524 | Lair:2   | 14524 ||| INVOKING Berserk.
 14730 | Lair:2   | Noticed a seven-headed hydra
 14732 | Lair:2   | 14732 ||| INVOKING Berserk.
 14736 | Lair:2   | Killed a four-headed hydra
 14737 | Lair:2   | Reached skill level 18 in Axes
 14918 | Lair:2   | 14918 ||| Stepping ~*~*~tactically~*~*~ (stealth).
 15011 | Lair:2   | 15011 ||| Stepping ~*~*~tactically~*~*~ (hiding).
 15105 | Lair:2   | 15105 ||| Stepping ~*~*~tactically~*~*~ (stealth).
 15106 | Lair:2   | 15106 ||| Stepping ~*~*~tactically~*~*~ (hiding).
 15242 | Lair:2   | 15242 ||| Stepping ~*~*~tactically~*~*~ (stealth).
 15244 | Lair:2   | 15244 ||| Stepping ~*~*~tactically~*~*~ (stealth).
 15246 | Lair:2   | 15246 ||| Stepping ~*~*~tactically~*~*~ (stealth).
 15249 | Lair:2   | 15249 ||| Stepping ~*~*~tactically~*~*~ (stealth).
 15254 | Lair:2   | 15254 ||| Stepping ~*~*~tactically~*~*~ (stealth).
 15255 | Lair:2   | 15255 ||| Stepping ~*~*~tactically~*~*~ (stealth).
 15257 | Lair:2   | 15257 ||| Stepping ~*~*~tactically~*~*~ (stealth).
 15259 | Lair:2   | 15259 ||| Stepping ~*~*~tactically~*~*~ (stealth).
 15260 | Lair:2   | 15260 ||| Stepping ~*~*~tactically~*~*~ (stealth).
 15263 | Lair:2   | 15263 ||| Stepping ~*~*~tactically~*~*~ (stealth).
 15272 | Lair:2   | 15272 ||| Stepping ~*~*~tactically~*~*~ (stealth).
 15274 | Lair:2   | 15274 ||| Stepping ~*~*~tactically~*~*~ (stealth).
 15325 | Lair:2   | Noticed a seven-headed hydra
 15331 | Lair:2   | 15331 ||| INVOKING Berserk.
 15334 | Lair:2   | Killed a four-headed hydra
 15475 | Lair:2   | 15475 ||| INVOKING Berserk.
 15603 | Lair:2   | 15603 ||| INVOKING Berserk.
 15632 | Lair:2   | Noticed a six-headed hydra
 15638 | Lair:2   | Killed a three-headed hydra
 15639 | Lair:2   | Reached skill level 12 in Fighting
 15639 | Lair:2   | Reached XP level 13. HP: 86/118 MP: 12/12
 15803 | Lair:2   | 15803 ||| INVOKING Berserk.
 15982 | Lair:2   | 15982 ||| INVOKING Berserk.
 16175 | Lair:2   | Found a hole to the Spider Nest.
 16449 | Lair:2   | 16449 ||| DROPPING +1 chain mail "Nanocs" {Will+ Int+4}.
 16450 | Lair:2   | 16450 ||| DROPPING amulet of guardian spirit.
 16451 | Lair:2   | 16451 ||| READING scroll labelled YCHUPS XULOIBB.
 16452 | Lair:2   | 16452 ||| READING scroll labelled ZOLUGAI JIAM.
 16603 | Lair:3   | 16603 ||| INVOKING Berserk.
 16780 | Lair:3   | 16780 ||| Stepping ~*~*~tactically~*~*~ (stealth).
 16781 | Lair:3   | 16781 ||| Stepping ~*~*~tactically~*~*~ (stealth).
 16782 | Lair:3   | 16782 ||| Stepping ~*~*~tactically~*~*~ (stealth).
 16785 | Lair:3   | 16785 ||| Stepping ~*~*~tactically~*~*~ (stealth).
 16805 | Lair:3   | 16805 ||| INVOKING Berserk.
 16917 | Lair:3   | Found a staircase to the Shoals.
 17099 | Lair:3   | 17099 ||| INVOKING Berserk.
 17342 | Lair:3   | 17342 ||| Stepping ~*~*~tactically~*~*~ (stealth).
 17357 | Lair:3   | 17357 ||| Stepping ~*~*~tactically~*~*~ (stealth).
 17363 | Lair:3   | 17363 ||| Stepping ~*~*~tactically~*~*~ (stealth).
 17364 | Lair:3   | 17364 ||| Stepping ~*~*~tactically~*~*~ (stealth).
 17365 | Lair:3   | 17365 ||| Stepping ~*~*~tactically~*~*~ (stealth).
 17385 | Lair:3   | 17385 ||| Stepping ~*~*~tactically~*~*~ (stealth).
 17398 | Lair:3   | 17398 ||| INVOKING Berserk.
 17426 | Lair:3   | 17426 ||| INVOKING Berserk.
 17684 | Lair:3   | 17684 ||| Stepping ~*~*~tactically~*~*~ (stealth).
 17685 | Lair:3   | 17685 ||| Stepping ~*~*~tactically~*~*~ (stealth).
 17686 | Lair:3   | 17686 ||| Stepping ~*~*~tactically~*~*~ (stealth).
 17688 | Lair:3   | 17688 ||| INVOKING Berserk.
 17810 | Lair:3   | 17810 ||| DROPPING ring of flight.
 18030 | Lair:4   | 18030 ||| INVOKING Berserk.
 18259 | Lair:4   | 18259 ||| Stepping ~*~*~tactically~*~*~ (stealth).
 18261 | Lair:4   | 18261 ||| Stepping ~*~*~tactically~*~*~ (stealth).
 18262 | Lair:4   | 18262 ||| INVOKING Berserk.
 18637 | Lair:5   | Entered Level 5 of the Lair of Beasts
 18674 | Lair:5   | 18674 ||| Stepping ~*~*~tactically~*~*~ (stealth).
 18691 | Lair:5   | 18691 ||| INVOKING Berserk.
 18695 | Lair:5   | Reached skill level 12 in Dodging
 18697 | Lair:5   | Paralysed by a hornet for 1 turns
 18700 | Lair:5   | Reached skill level 9 in Shields
 18729 | Lair:5   | 18729 ||| Stepping ~*~*~tactically~*~*~ (stealth).
 18763 | Lair:5   | 18763 ||| INVOKING Berserk.
 18801 | Lair:5   | 18801 ||| Stepping ~*~*~tactically~*~*~ (stealth).
 18816 | Lair:5   | 18816 ||| INVOKING Berserk.
 18966 | Lair:5   | 18966 ||| Stepping ~*~*~tactically~*~*~ (stealth).
 18973 | Lair:5   | 18973 ||| Stepping ~*~*~tactically~*~*~ (cloud).
 18975 | Lair:5   | 18975 ||| INVOKING Berserk.
 18983 | Lair:5   | 18983 ||| Stepping ~*~*~tactically~*~*~ (hiding).
 19108 | Lair:5   | 19108 ||| INVOKING Berserk.
 19118 | Lair:5   | Reached skill level 9 in Armour
 19123 | Lair:5   | 19123 ||| Stepping ~*~*~tactically~*~*~ (hiding).
 19195 | Lair:5   | 19195 ||| Stepping ~*~*~tactically~*~*~ (water).
 19214 | Lair:5   | Noticed a fire dragon
 19221 | Lair:5   | 19221 ||| INVOKING Berserk.
 19237 | Lair:5   | Killed a fire dragon
 19377 | Lair:5   | Found the +3 pair of gauntlets of War {Slay+5}
 19463 | Lair:5   | 19463 ||| INVOKING Berserk.
 19467 | Lair:5   | Reached XP level 14. HP: 133/133 MP: 13/13
 19591 | Lair:5   | 19591 ||| Stepping ~*~*~tactically~*~*~ (hiding).
 19593 | Lair:5   | 19593 ||| INVOKING Berserk.
 19773 | Lair:5   | Reached skill level 15 in Fighting
 19906 | Lair:5   | 19906 ||| Stepping ~*~*~tactically~*~*~ (stealth).
 19912 | Lair:5   | 19912 ||| Stepping ~*~*~tactically~*~*~ (stealth).
 19915 | Lair:5   | 19915 ||| Stepping ~*~*~tactically~*~*~ (stealth).
 19917 | Lair:5   | 19917 ||| Stepping ~*~*~tactically~*~*~ (stealth).
 19943 | Lair:5   | 19943 ||| Stepping ~*~*~tactically~*~*~ (stealth).
 20111 | Lair:5   | 20111 ||| Stepping ~*~*~tactically~*~*~ (stealth).
 20112 | Lair:5   | 20112 ||| INVOKING Berserk.
 20129 | Lair:5   | 20129 ||| Stepping ~*~*~tactically~*~*~ (stealth).
 20166 | Lair:5   | 20166 ||| Stepping ~*~*~tactically~*~*~ (stealth).
 20189 | Lair:5   | Reached ***** piety under Trog
 20333 | Lair:5   | 20333 ||| Stepping ~*~*~tactically~*~*~ (stealth).
 20335 | Lair:5   | 20335 ||| Stepping ~*~*~tactically~*~*~ (stealth).
 20337 | Lair:5   | 20337 ||| Stepping ~*~*~tactically~*~*~ (stealth).
 20341 | Lair:5   | Found a staircase to the Slime Pits.
 20443 | Lair:5   | 20443 ||| Stepping ~*~*~tactically~*~*~ (stealth).
 20445 | Lair:5   | 20445 ||| Stepping ~*~*~tactically~*~*~ (stealth).
 20512 | Lair:5   | 20512 ||| FLEEEEING.
 20513 | Lair:5   | 20513 ||| FLEEEEING.
 20573 | Lair:5   | 20573 ||| INVOKING Berserk.
 20709 | Lair:5   | 20709 ||| Stepping ~*~*~tactically~*~*~ (stealth).
 20717 | Lair:5   | 20717 ||| Stepping ~*~*~tactically~*~*~ (stealth).
 20728 | Lair:5   | 20728 ||| Stepping ~*~*~tactically~*~*~ (stealth).
 20729 | Lair:5   | 20729 ||| Stepping ~*~*~tactically~*~*~ (stealth).
 20731 | Lair:5   | 20731 ||| Stepping ~*~*~tactically~*~*~ (stealth).
 20732 | Lair:5   | 20732 ||| Stepping ~*~*~tactically~*~*~ (stealth).
 20733 | Lair:5   | 20733 ||| Stepping ~*~*~tactically~*~*~ (stealth).
 20734 | Lair:5   | 20734 ||| Stepping ~*~*~tactically~*~*~ (stealth).
 20779 | Lair:5   | 20779 ||| Stepping ~*~*~tactically~*~*~ (stealth).
 20781 | Lair:5   | 20781 ||| Stepping ~*~*~tactically~*~*~ (stealth).
 20783 | Lair:5   | 20783 ||| Stepping ~*~*~tactically~*~*~ (stealth).
 20785 | Lair:5   | 20785 ||| Stepping ~*~*~tactically~*~*~ (stealth).
 20813 | Lair:5   | 20813 ||| Stepping ~*~*~tactically~*~*~ (stealth).
 20815 | Lair:5   | 20815 ||| INVOKING Brothers in Arms.
 20818 | Lair:5   | 20818 ||| INVOKING Berserk.
 21334 | Lair:5   | 21334 ||| UPGRADING to +3 pair of gauntlets of War
                  | {Slay+5}.
 21339 | Lair:5   | 21339 ||| INVOKING Berserk.
 21452 | Lair:5   | 21452 ||| UPGRADING to +2 pair of gloves.
 21457 | Lair:5   | 21457 ||| UPGRADING to +3 pair of gauntlets of War
                  | {Slay+5}.
 21467 | Lair:5   | 21467 ||| DROPPING +2 pair of gloves.
 21468 | Lair:5   | 21468 ||| UPGRADING to +0 cloak.
 21473 | Lair:5   | 21473 ||| READING 2 scrolls of enchant armour.
 21473 | Lair:5   | 21473 ||| ENCHANTING +0 cloak.
 21474 | Lair:5   | 21474 ||| READING scroll of enchant armour.
 21474 | Lair:5   | 21474 ||| ENCHANTING +1 cloak.
 21511 | Lair:5   | 21511 ||| PLANNING D:1-11
 21862 | D:11     | 21862 ||| Stepping ~*~*~tactically~*~*~ (hiding).
 21875 | D:11     | 21875 ||| Stepping ~*~*~tactically~*~*~ (hiding).
 21884 | D:11     | 21884 ||| DRINKING 6 potions of curing.
 21884 | D:11     | 21884 ||| (to cure confusion)
 21915 | D:11     | Found a staircase to the Orcish Mines.
 21960 | D:11     | 21960 ||| Stepping ~*~*~tactically~*~*~ (stealth).
 21962 | D:11     | 21962 ||| Stepping ~*~*~tactically~*~*~ (stealth).
 22045 | D:11     | 22045 ||| Stepping ~*~*~tactically~*~*~ (hiding).
 22106 | D:11     | 22106 ||| Stepping ~*~*~tactically~*~*~ (stealth).
 22107 | D:11     | 22107 ||| Stepping ~*~*~tactically~*~*~ (stealth).
 22108 | D:11     | 22108 ||| Stepping ~*~*~tactically~*~*~ (stealth).
 22117 | D:11     | 22117 ||| Stepping ~*~*~tactically~*~*~ (hiding).
 22286 | D:11     | 22286 ||| Stepping ~*~*~tactically~*~*~ (stealth).
 22288 | D:11     | 22288 ||| Stepping ~*~*~tactically~*~*~ (stealth).
 22554 | D:11     | 22554 ||| Stepping ~*~*~tactically~*~*~ (stealth).
 22650 | D:11     | 22650 ||| INVOKING Brothers in Arms.
 22653 | D:11     | 22653 ||| INVOKING Brothers in Arms.
 22658 | D:11     | 22658 ||| INVOKING Brothers in Arms.
 22659 | D:11     | 22659 ||| INVOKING Berserk.
 22824 | D:11     | 22824 ||| PLANNING D
 22824 | D:11     | 22824 ||| DRINKING 3 blue potions.
 22929 | D:11     | 22929 ||| READING 6 scrolls of identify.
 22929 | D:11     | 22929 ||| IDENTIFYING murky pink potion
 22930 | D:11     | 22930 ||| DROPPING 2 potions of berserk rage.
 22931 | D:11     | 22931 ||| DROPPING potion of magic.
 22975 | D:12     | 22975 ||| STAIRDANCE
 23054 | D:12     | 23054 ||| STAIRDANCE
 23056 | D:11     | 23056 ||| INVOKING Berserk.
 23465 | D:12     | Found a runed translucent door.
 23527 | D:12     | Found a runed translucent door.
 23779 | D:12     | 23779 ||| READING 3 scrolls of teleportation.
 23852 | D:13     | Found Iluot's Armour Emporium.
 23861 | D:13     | 23861 ||| BUYING +1 hat (165 gold).
 23861 | D:13     | Bought a +1 hat for 165 gold pieces
 24050 | D:13     | 24050 ||| INVOKING Berserk.
 24229 | D:13     | Reached XP level 15. HP: 144/144 MP: 14/14
 24253 | D:13     | 24253 ||| Stepping ~*~*~tactically~*~*~ (stealth).
 24259 | D:13     | 24259 ||| Stepping ~*~*~tactically~*~*~ (stealth).
 24263 | D:13     | Noticed Josephine
 24264 | D:13     | 24264 ||| Stepping ~*~*~tactically~*~*~ (hiding).
 24270 | D:13     | Killed Josephine
 24274 | D:13     | 24274 ||| Stepping ~*~*~tactically~*~*~ (stealth).
 24293 | D:13     | 24293 ||| Stepping ~*~*~tactically~*~*~ (stealth).
 24343 | D:13     | 24343 ||| Stepping ~*~*~tactically~*~*~ (stealth).
 24354 | D:13     | 24354 ||| DRINKING 6 potions of curing.
 24354 | D:13     | 24354 ||| (to cure confusion)
 24481 | D:13     | 24481 ||| Stepping ~*~*~tactically~*~*~ (stealth).
 24483 | D:13     | 24483 ||| Stepping ~*~*~tactically~*~*~ (hiding).
 24484 | D:13     | 24484 ||| Stepping ~*~*~tactically~*~*~ (hiding).
 24485 | D:13     | 24485 ||| Stepping ~*~*~tactically~*~*~ (hiding).
 24498 | D:13     | 24498 ||| INVOKING Trog's Hand.
 24502 | D:13     | 24502 ||| INVOKING Berserk.
 24636 | D:13     | Found a gate to the Vaults.
 24859 | D:13     | 24859 ||| UPGRADING to +1 hat.
 24864 | D:13     | 24864 ||| UPGRADING to +2 buckler of fire resistance.
 24874 | D:13     | 24874 ||| DROPPING +0 buckler.
 24875 | D:13     | 24875 ||| READING scroll of enchant armour.
 24875 | D:13     | 24875 ||| ENCHANTING +1 hat.
 25081 | D:14     | 25081 ||| INVOKING Brothers in Arms.
 25104 | D:14     | 25104 ||| INVOKING Berserk.
 25115 | D:14     | 25115 ||| INVOKING Brothers in Arms.
 25121 | D:14     | 25121 ||| DRINKING 5 potions of curing.
 25121 | D:14     | 25121 ||| (to cure confusion)
 25122 | D:14     | 25122 ||| Stepping ~*~*~tactically~*~*~ (cloud).
 25123 | D:14     | 25123 ||| DRINKING 4 potions of curing.
 25123 | D:14     | 25123 ||| (to cure confusion)
 25124 | D:14     | 25124 ||| INVOKING Brothers in Arms.
 25125 | D:14     | 25125 ||| INVOKING Brothers in Arms.
 25126 | D:14     | 25126 ||| Stepping ~*~*~tactically~*~*~ (cloud).
 25127 | D:14     | 25127 ||| INVOKING Brothers in Arms.
 25128 | D:14     | 25128 ||| DRINKING potion of cancellation.
 25129 | D:14     | 25129 ||| DRINKING 3 potions of curing.
 25129 | D:14     | 25129 ||| (to cure confusion)
 25151 | D:14     | 25151 ||| INVOKING Brothers in Arms.
 25152 | D:14     | 25152 ||| INVOKING Brothers in Arms.
 25153 | D:14     | 25153 ||| INVOKING Brothers in Arms.
 25154 | D:14     | 25154 ||| INVOKING Brothers in Arms.
 25155 | D:14     | 25155 ||| INVOKING Brothers in Arms.
 25156 | D:14     | 25156 ||| INVOKING Brothers in Arms.
 25165 | D:14     | 25165 ||| INVOKING Berserk.
 25188 | D:14     | 25188 ||| FLEEEEING.
 25201 | D:14     | 25201 ||| DRINKING 2 potions of curing.
 25201 | D:14     | 25201 ||| (to cure confusion)
 25202 | D:14     | 25202 ||| DRINKING potion of curing.
 25202 | D:14     | 25202 ||| (to cure confusion)
 25209 | D:14     | Lost intelligence.
 25236 | D:14     | HP: 34/147 [harpy[an orange crystal statue] (9)]
 25237 | D:14     | 25237 ||| DRINKING 4 potions of heal wounds.
 25238 | D:14     | 25238 ||| INVOKING Berserk.
 25261 | D:14     | HP: 17/147 [white ugly thing[an orange crystal statue]
                  | (28)]
 25262 | D:14     | 25262 ||| DRINKING 3 potions of heal wounds.
 25262 | D:14     | Mangled by a white ugly thing

Levels and vault maps discovered:
D:1:      dpeg_arrival_radiant, layout_basic
D:2:      layout_basic, ebering_ecumenical_altar_mist, serial_undead,
          serial_undead_e, serial_undead_e, serial_undead_d, serial_undead_d,
          serial_undead_a, serial_undead_d, uniq_natasha
D:3:      layout_basic, hellmonk_ghost_happy_afterlife, uniq_sigmund,
          uniq_jessica
D:4:      layout_loops_ring, portal_sewer_entry_b, uniq_menkaure
D:5:      layout_loops_ring
D:6:      gammafunk_cloud_chamber, layout_basic, old_standard_altar,
          grunt_ministairs_7, uniq_prince_ribbit1
D:7:      layout_cave_pods, gammafunk_temple_overflow_claw,
          okawaru_metal_pillars_3, minmay_temple_entry_gardened_gates,
          kennysheep_potato, uniq_duvessa
D:8:      layout_cave_pools, kennysheep_mini_moat, uniq_maggie
D:9:      layout_rooms, mainiacjoe_overflow_surrounded_room, serial_shops,
          nicolae_diamond_shop, uniq_pikel
D:10:     minmay_the_grid_four_pointed_star
          [minmay_the_grid_triangle_9x9_negative_grid,
          minmay_the_grid_triangle_9x9_windchime,
          minmay_the_grid_triangle_9x9_zippers_vertical,
          minmay_the_grid_triangle_9x9_longest,
          minmay_the_grid_prize_four_corners_diamond_a], layout_irregular_city,
          lemuel_doored_altar, dpeg_oklobed_lair, st_stairs_3,
          dreamdust_wishing_well, uniq_erolcha
D:11:     layout_stronghold, erik_orc_4, introduction_to_nature_2
D:12:     cheibrodos_histonic, layout_irregular_city
D:13:     layout_roguey, grunt_vaults_entry_fortified, serial_shops,
          nicolae_stop_n_shop_1, uniq_josephine
D:14:     layout_basic, nicolae_elevator_lobby_plus, minmay_protected_statue,
          uniq_lodul, uniq_jorgrun
Lair:1:   layout_cave_pods, grunt_forest_large_clearing_hut, grunt_megastairs_4
Lair:2:   nzn_winding_woodlands_large [nzn_winding_woodlands_5x5_cross,
          nzn_winding_woodlands_5x15_pockets, nzn_winding_woodlands_5x5_default,
          nzn_winding_woodlands_center_lodge,
          nzn_winding_woodlands_15x15_thick_spiral,
          nzn_winding_woodlands_center_diamonds,
          nzn_winding_woodlands_5x5_perimeter, nzn_winding_woodlands_5x15_cabin,
          nzn_winding_woodlands_5x5_open_star], layout_regular_city,
          dummy_spider_entry, minmay_holes
Lair:3:   layout_chaotic_city, shoals_dummy_entry
Lair:4:   layout_roguey, grunt_megastairs_3
Lair:5:   hangedman_lair_tendril_chambers, layout_cave_pods,
          guppyfry_lair_end_dragon, nicolae_slime_entry_slimehenge,
          minmay_shattered_shrine

Skill      XL: |  1  2  3  4  5  6  7  8  9 10 11 12 13 14 15 |
---------------+----------------------------------------------+-----
Axes           | 4 5 6 7 9 10 12 13 16 17 18 | 18.1
Fighting       | 4 6 7 8 9 10 12 14 16 17 | 17.0
Throwing       | 1 3 4 |  4.1
Dodging        | 3 4 5 10 12 14 | 14.5
Armour         | 3 4 7 9 11 | 11.0
Shields        | 5 6 7 9 10 | 10.0

Action                   |  1- 3 |  4- 6 |  7- 9 | 10-12 | 13-15 || total
-------------------------+-------+-------+-------+-------+-------++-------
Melee: Hand axe          |    87 |    95 |   260 |    39 |       ||   481
       Headbutt          |    11 |    14 |    62 |    70 |   165 ||   322
       Punch             |     1 |       |       |       |       ||     1
       Broad axe         |       |       |       |   299 |   656 ||   955
Throw: Javelin           |       |     7 |    18 |    21 |       ||    46
       Boomerang         |       |       |     4 |    85 |   221 ||   310
Invok: Berserk           |     3 |     6 |    15 |    20 |    29 ||    73
       Trog's Hand       |       |       |       |     2 |     1 ||     3
       Brothers in Arms  |       |       |       |       |     8 ||     8
  Use: Scroll            |     4 |     4 |    10 |     4 |     7 ||    29
       Potion            |       |     2 |     4 |       |    11 ||    17
 Stab: Distracted        |       |       |       |       |     2 ||     2
       Confused          |       |       |       |       |     1 ||     1
       Petrified         |       |       |       |       |     3 ||     3
Armor: Animal skin       |    19 |     5 |       |       |       ||    24
       Scale mail        |       |    20 |    61 |    49 |   160 ||   290
       Chain mail        |       |       |       |    30 |       ||    30
Dodge: Dodged            |    45 |    35 |    99 |   125 |   371 ||   675
Block: Buckler           |       |       |    12 |   132 |   343 ||   487
       Reflection        |       |       |       |     6 |    33 ||    39

Table legend:
 A = Non-vault XP
 B = Vault XP
 C = Vault XP percentage of total XP
 D = Non-vault monster count
 E = Vault monster count
 F = Vault count percentage of total count
                 A         B        C        D         E       F
            +---------+---------+-------+---------+---------+-------
      Total |   64509 |   50666 |  44.0 |     383 |     187 |  32.8
            +---------+---------+-------+---------+---------+-------
        D:1 |      38 |       0 |   0.0 |      23 |       0 |   0.0
        D:2 |     224 |      45 |  16.7 |      25 |      10 |  28.6
        D:3 |     169 |     251 |  59.8 |      16 |       2 |  11.1
        D:4 |     367 |     189 |  34.0 |      16 |       9 |  36.0
        D:5 |     347 |       0 |   0.0 |      14 |       0 |   0.0
        D:6 |     484 |     397 |  45.1 |       9 |       3 |  25.0
        D:7 |    2375 |     376 |  13.7 |      33 |       4 |  10.8
        D:8 |    1476 |     424 |  22.3 |      25 |       1 |   3.8
        D:9 |    5035 |    1167 |  18.8 |      30 |       3 |   9.1
       D:10 |    2080 |    5967 |  74.2 |      14 |      13 |  48.1
       D:11 |    5058 |    1979 |  28.1 |      33 |      34 |  50.7
       D:12 |    3218 |       0 |   0.0 |      11 |       0 |   0.0
       D:13 |    7145 |    8342 |  53.9 |      23 |      16 |  41.0
       D:14 |    1333 |       0 |   0.0 |       3 |       0 |   0.0
     Lair:1 |    3458 |    2324 |  40.2 |      14 |       4 |  22.2
     Lair:2 |    8374 |    8399 |  50.1 |      30 |      18 |  37.5
     Lair:3 |    6452 |       0 |   0.0 |      27 |       0 |   0.0
     Lair:4 |    2229 |     153 |   6.4 |       6 |       1 |  14.3
     Lair:5 |   14647 |   20653 |  58.5 |      31 |      69 |  69.0
            +---------+---------+-------+---------+---------+-------
